 Dungeon Crawl Stone Soup version 0.30-a0-862-g1aabd4f9c5 (webtiles) character file.

Game seed: 8927503547642087982

139 BigDaddyOpFi the Conjurer (level 5, 0/31 HPs)
             Began as an Octopode Conjurer on Mar 8, 2023.
             Succumbed to a scorpion's poison
             ... on level 3 of the Dungeon.
             The game lasted 00:02:14 (2405 turns).

BigDaddyOpFi the Conjurer (Octopode Conjurer)       Turns: 2405, Time: 00:02:14

Health: 0/31       AC:  1    Str:  6    XL:     5   Next: 22%
Magic:  1/9        EV: 13    Int: 23    God:
Gold:   43         SH:  0    Dex: 10    Spells: 9/10 levels left

rFire   . . .      SeeInvis .    k - +0 hand axe
rCold   . . .      Faith    +    (no shield)
rNeg    . . .      Spirit   .    (helmet restricted)
rPois   .          Reflect  .    j - amulet of faith
rElec   .          Rampage  .    (no ring)
rCorr   .                        (no ring)
Will    .....                    (no ring)
Stlth   +++                      (no ring)
HPRegen 0.25/turn                (no ring)
MPRegen 0.11/turn                (no ring)
                                 (no ring)
                                 (no ring)

@: brilliant, lethally poisoned (0 -> -16)
A: almost no armour, amphibious, 8 rings, camouflage 1, gelatinous body 1,
(nimble swimmer 1), tentacles
a: no special abilities


You were on level 3 of the Dungeon.
You visited 1 branch of the dungeon, and saw 3 of its levels.

You collected 43 gold pieces.

Inventory:

Hand Weapons
 k - a +0 hand axe (weapon)
Missiles
 h - 34 stones
Jewellery
 j - an amulet of faith (around mantle)
Scrolls
 d - a scroll of magic mapping {unknown}
 e - a scroll of silence {unknown}
 f - a scroll of immolation
 g - 2 scrolls of fog {unknown}
 l - a scroll of vulnerability {unknown}
 m - 2 scrolls of fear {unknown}
Potions
 a - a potion of magic
 i - a potion of invisibility


   Skills:
 + Level 3.0 Dodging
 + Level 4.3 Stealth
 + Level 3.0 Spellcasting
 + Level 4.7 Conjurations


You had 9 spell levels left.
You knew the following spells:

 Your Spells              Type           Power      Damage    Failure   Level
a - Magic Dart            Conj           100%       1d8       1%          1

Your spell library contained the following spells:

 Spells                   Type           Power      Damage    Failure   Level
 Searing Ray              Conj           74%        2d7       2%          2
 Dazzling Flash           Conj/Hex       42%        N/A       13%         3
 Portal Projectile        Hex/Tloc       10%        N/A       34%         3
 Tukima's Dance           Hex            5%         N/A       34%         3
 Fulminant Prism          Conj/Hex       10%        3d9       41%         4
 Iskenderun's Mystic Bla  Conj/Tloc      21%        2d6       41%         4
 Blade Hands              Tmut           2%         N/A       97%         5


Dungeon Overview and Level Annotations

Branches:
Dungeon (3/15)

Altars:

Shops:
D:1 (


Innate Abilities, Weirdness & Mutations

You cannot wear most types of armour.
You are amphibious.
You can wear up to eight rings at the same time.
Your skin changes colour to match your surroundings (Stealth+).
Your rubbery body absorbs attacks. (AC +1, EV +1)
((You are camouflaged when in or above water. (Stealth+)))
You have tentacles for arms and can constrict up to eight enemies at once.


Message History

It was a potion of brilliance.
You feel clever all of a sudden.
You feel very sick. The scorpion stings you.
Casting: Magic Dart (safe; 1% risk of failure)
Confirm with . or Enter, or press ? or * to list all spells.
Aiming: Magic Dart (safe; 1% risk of failure)
Press: ? - help, Shift-Dir - straight line, f/p - scorpion
Aim: a scorpion (moderately wounded, 100% to hit)
You feel a surge of power!
The magic dart hits the scorpion.
The scorpion is heavily wounded.
You feel very sick. The scorpion barely misses you.
Casting: Magic Dart (safe; 1% risk of failure)
Confirm with . or Enter, or press ? or * to list all spells.
Aiming: Magic Dart (safe; 1% risk of failure)
Press: ? - help, Shift-Dir - straight line, f/p - scorpion
Aim: a scorpion (heavily wounded, 100% to hit)
You feel a surge of power!
The magic dart hits the scorpion.
The scorpion is heavily wounded.
You feel sick. The scorpion stings you.
Casting: Magic Dart (safe; 1% risk of failure)
Confirm with . or Enter, or press ? or * to list all spells.
Aiming: Magic Dart (safe; 1% risk of failure)
Press: ? - help, Shift-Dir - straight line, f/p - scorpion
Aim: a scorpion (heavily wounded, 100% to hit)
You feel a surge of power!
The magic dart hits the scorpion.
The scorpion is heavily wounded.
You feel sick. The scorpion stings you.
* * * LOW HITPOINT WARNING * * *
You are more poisoned.
The scorpion poisons you!
Casting: Magic Dart (safe; 1% risk of failure)
Confirm with . or Enter, or press ? or * to list all spells.
Aiming: Magic Dart (safe; 1% risk of failure)
Press: ? - help, Shift-Dir - straight line, f/p - scorpion
Aim: a scorpion (heavily wounded, 100% to hit)
You feel a surge of power!
The magic dart hits the scorpion.
The scorpion is severely wounded.
You die...

##############
#.....#....... # ###
#.....#....... # ########
#.#### #...^.#....... #
#......#
#....###.....#.##.### #
#......# #..#@s.........#
.# ###......#
##..###<.....### .#
..#......# ##.# ##.....#
.# #........######.#
#.....# .#
##..........>...# #.....#
..
##....########..####.....#
#. ####...# ##............
## ##..# #.###########. .#
###.## #.#


You could see a scorpion.

Vanquished Creatures
  Natasha (thrice) (D:2)
  A gnoll (D:1)
  2 adders
  3 bats
  2 endoplasms (D:1)
  3 giant cockroaches (D:1)
  A goblin (D:2)
  4 hobgoblins (D:1)
  4 kobolds
  3 quokkas
  5 ball pythons
  A frilled lizard (D:2)
  6 rats
38 creatures vanquished.

Notes
Turn   | Place    | Note
-------+----------+-------------------------------------------
     0 | D:1      | BigDaddyOpFi the Octopode Conjurer began the quest for the
                  | Orb.
     0 | D:1      | Reached XP level 1. HP: 11/11 MP: 3/3
    54 | D:1      | Found a faded altar of an unknown god.
   172 | D:1      | Reached XP level 2. HP: 7/17 MP: 0/5
   618 | D:1      | Reached XP level 3. HP: 21/21 MP: 3/6
   808 | D:1      | Found Tyok's Antique Weapon Shoppe.
  1416 | D:2      | Noticed Natasha
  1421 | D:2      | Killed Natasha
  1422 | D:2      | Reached XP level 4. HP: 27/27 MP: 1/8
  1749 | D:2      | Noticed Natasha
  1753 | D:2      | Killed Natasha
  2199 | D:3      | Noticed a scorpion
  2217 | D:2      | Noticed Natasha
  2221 | D:2      | Killed Natasha
  2222 | D:2      | Reached XP level 5. HP: 15/31 MP: 1/9
  2405 | D:3      | Succumbed to a scorpion's poison

Illustrated notes

Levels and vault maps discovered:
D:1:      dpeg_arrival_arbitrary_a, layout_loops_ring, basic_ecumenical_altar,
          serial_shops, nicolae_shop_crystal, minmay_pentomino_u2
D:2:      layout_loops_cross, uniq_natasha
D:3:      minmay_chambers_of_threes, layout_rooms

Skill      XL: |  1  2  3  4 |
---------------+-------------+-----
Stealth        | 3 4 |  4.3
Dodging        | 3 |  3.0
Spellcasting   | 3 |  3.0
Conjurations   | |  4.7

Action                     |  1- 3 |  4- 6 || total
---------------------------+-------+-------++-------
  Melee: Unarmed           |     5 |       ||     5
         Tentacles         |     5 |       ||     5
         Constrict         |     1 |       ||     1
         Club              |     5 |       ||     5
         Hand axe          |     1 |     1 ||     2
   Cast: Magic Dart        |    58 |    39 ||    97
    Use: Scroll            |     2 |       ||     2
         Potion            |       |     3 ||     3
 Armour: Skin              |       |     2 ||     2
  Dodge: Dodged            |    12 |     9 ||    21

Table legend: (Time is in decaauts)
 A = Elapsed time spent in this place.
 B = Non-inter-level travel time spent in this place.
 C = Inter-level travel time spent in this place.
 D = Time resting spent in this place.
 E = Time spent auto-exploring this place.
 F = Levels seen in this place.
 G = Mean time per level.
                   A        B        C        D        E       F      G
               +--------+--------+--------+--------+--------+-----+--------+
         Total |   2415 |   2386 |     29 |    167 |   1976 |   3 |  805.0 |
       Dungeon |   2415 |   2386 |     29 |    167 |   1976 |   3 |  805.0 |
               +--------+--------+--------+--------+--------+-----+--------+

Top non-repeatable levels by time:
     D:1: 1181 daAuts
     D:2: 1042 daAuts
     D:3: 191 daAuts
